 Dungeon Crawl Stone Soup version 0.17-a0-1900-g45e8110 (webtiles) character file.

351 4thArraOfDagon the Chopper (level 6, 0/49 HPs)
             Began as a Vine Stalker Berserker on Sept 24, 2015.
             Was a Believer of Trog.
             Slain by a wolf (2 damage)
             ... on level 7 of the Dungeon.
             The game lasted 00:04:52 (744 turns).

4thArraOfDagon the Chopper (Vine Stalker Berserker)  Turns: 744, Time: 00:04:52

Health: 0/49       AC: 23    Str: 20    XL:     6   Next: 61%
Magic:  0/7        EV:  2    Int:  9    God:    Trog [**....]
Gold:   59         SH:  0    Dex: 13    Spells: 0 memorised, 5 levels left

rFire  x . .     SeeInvis .     a - +0 hand axe
rCold  + . .     Clarity  .     (armour currently unavailable)
rNeg   + + +     SustAt   .     (no shield)
rPois  +         Gourm    .     (helmet currently unavailable)
rElec  .         Spirit   +     (cloak currently unavailable)
rCorr  .         Warding  .     (gloves currently unavailable)
rMut   .         NoTele   +     (boots currently unavailable)
MR     .....                    (no amulet)
Stlth  +.........               d - ring of ice
                                e - ring of wizardry

@: exhausted, tree-form, slowed, very slow, not resistant to hostile
enchantments, very unstealthy
A: (fangs 0), regeneration 2, magic shield, (antimagic bite), no device heal 3,
rot immunity
a: Burn Spellbooks, Berserk, Trog's Hand, Renounce Religion


You were on level 7 of the Dungeon.
You worshipped Trog.
Trog was pleased with you.
You were hungry.
You were a tree.
You visited 1 branch of the dungeon, and saw 8 of its levels.

You collected 59 gold pieces.

Inventory:

Hand weapons
 a - a +0 hand axe (weapon)
 n - a +1 flail of protection
Armour
 l - a +1 helmet (melded)
 o - a +0 scale mail (melded)
Jewellery
 d - a ring of ice (right branch)
 e - a ring of wizardry (left branch)
Scrolls
 f - a scroll of fear {unknown}
 m - a scroll of fog
 q - a scroll of recharging {unknown}
 r - a scroll of remove curse
Potions
 b - a potion of berserk rage
 h - a potion of flight {unknown}
 t - a potion of agility {unknown}
Books
 g - a book of Clouds

   Spells                             Type                      Level
   a - Mephitic Cloud                 Conjuration/Poison/Air       3
   b - Conjure Flame                  Conjuration/Fire             3
   c - Poisonous Cloud                Conjuration/Poison/Air       6
   d - Freezing Cloud                 Conjuration/Ice/Air          6
   e - Ring of Flames                 Charms/Fire                  7
   Trog disapproves of the use of such an item.
Comestibles
 c - a bread ration
 k - 4 meat rations
 p - 6 chunks of flesh


   Skills:
 + Level 3.9 Fighting
 * Level 5.1 Axes
 + Level 3.0 Armour
 - Level 1.5 Dodging


You had 5 spell levels left.
You didn't know any spells.

Dungeon Overview and Level Annotations

Branches:
Dungeon (8/15)
 Temple: D:4-7         Lair: D:8-11

Altars:
Dithmenos
Trog


Innate Abilities, Weirdness & Mutations

((You have extremely sharp teeth.))
You heal very quickly.
When hurt, damage is shared between your health and your magic reserves.
((Your bite disrupts and absorbs the magic of your enemies.))
Potions and wands cannot restore your health.
You are immune to rotting.


Message History

The ice beast hits you but does no damage.
Unknown command.
You hit the ice beast but do no damage.
The ice beast is heavily wounded.
You completely miss the wolf.
You feel less invigorated.
You feel less confused. The wolf bites you!
* * * LOW HITPOINT WARNING * * *
The ice beast hits you but does no damage.
The wolf bites you.
Unknown command.
Unknown command.
Unknown command.
You barely miss the ice beast.
You bite the ice beast, but do no damage.
The ice beast is heavily wounded.
You hit the wolf.
The wolf is lightly wounded.
The wolf bites you but does no damage. The wolf bites you.
You die...

###.......# ##.........# ###
##..........# ##..
##...........# #...
##............# ##<..
##....<........# #..(.
##..............# #....
#..............h# #....
##.............Y♣# #....
.................# ....[
.................# #...c.
.................# #.....
................[# #...§.
.................# ...
.................# ..#
.................###########..#
#........................(....#


You could see an ice beast and a wolf.

Vanquished Creatures
  An ice beast (D:7)
  A centaur (D:7)
  A hound (D:7)
  A jelly (D:5)
  An orc wizard (D:7)
  A killer bee simulacrum (D:8)
  A hound skeleton (D:7)
  An adder (D:3)
  A white imp (D:8)
  8 orcs
  2 giant cockroaches
  A goblin (D:1)
  A hobgoblin (D:3)
  2 kobolds (D:1)
  2 bats (D:1)
  A giant newt (D:6)
  A quokka (D:5)
  3 rats
30 creatures vanquished.

Notes
Turn   | Place    | Note
--------------------------------------------------------------
     0 | D:1      | 4thArraOfDagon the Vine Stalker Berserker began the quest for the Orb.
     0 | D:1      | Reached XP level 1. HP: 11/11 MP: 2/2
    19 | D:1      | :DS
   211 | D:1      | Reached skill level 3 in Axes
   211 | D:1      | Reached XP level 2. HP: 14/16 MP: 1/3
   322 | D:3      | Reached XP level 3. HP: 19/19 MP: 4/4
   370 | D:3      | Found a bloodstained altar of Trog.
   382 | D:3      | You fall through a shaft for 2 floors!
   382 | D:5      | Entered Level 5 of the Dungeon
   404 | D:5      | Reached XP level 4. HP: 24/24 MP: 3/5
   488 | D:6      | :S
   488 | D:6      | dream jewelry!
   549 | D:7      | Found a shadowy altar of Dithmenos.
   550 | D:7      | Noticed a centaur
   567 | D:7      | Reached skill level 4 in Axes
   567 | D:7      | Reached XP level 5. HP: 28/28 MP: 6/6
   615 | D:7      | Killed a centaur
   615 | D:7      | Acquired Trog's second power
   615 | D:7      | Gained mutation: You heal very quickly. [Vine Stalker growth]
   615 | D:7      | Reached XP level 6. HP: 20/33 MP: 7/7
   720 | D:8      | Noticed a wolf
   724 | D:8      | Noticed a polar bear
   735 | D:7      | Reached skill level 5 in Axes
   736 | D:7      | HP: 1/33 [ice beast (4)]
   742 | D:7      | HP: 2/49 [wolf (2)]
   744 | D:7      | Slain by a wolf

Vault maps used:
D:1:      minmay_arrival_semitransparent, minmay_fountain_box,
          serial_bayou_pond_d
D:2:      uniq_natasha
D:3:      bloody_trog, minmay_misc_feat_roman, minmay_ruptured
D:4:      minmay_temple_entry_overgrown, minmay_misc_feat_x, minmay_distorted
D:5:      first_bread, kennysheep_decorative_pillar, grunt_ministairs_10
D:6:      grunt_temple_overflow_diamond
D:7:      grunt_dithmenos_smoke, serial_shops,
          nicolae_shop_temple_entry_statues_fountains, uniq_crazy_yiuf_cottage
D:8:      dpeg_lair_monsters, serial_ice, serial_ice_i, serial_ice_n,
          serial_ice_f, serial_ice_a

Action                   |  1- 3 |  4- 6 || total
-------------------------+-------+-------++-------
Melee: Hand axe          |    31 |    33 ||    64
Invok: Berserk           |     3 |     3 ||     6
  Use: Scroll            |       |     9 ||     9
       Potion            |       |     2 ||     2
  Eat: Chunk             |       |     5 ||     5
